 Dungeon Crawl Stone Soup version 0.30.0-5-g1a98f26d00 (webtiles) character file.

Game seed: 2393750796883289840

770 qeuew the Covered (level 7, -1/61 HPs)
             Began as a Minotaur Fighter on May 12, 2023.
             Was a Priest of Makhleb.
             Slain by a two-headed ogre
             ... wielding a +0 giant club
              (14 damage)
             ... on level 6 of the Dungeon.
             The game lasted 00:04:46 (3973 turns).

qeuew the Covered (Minotaur Fighter)                Turns: 3973, Time: 00:04:47

Health: -1/61      AC:  7    Str: 21    XL:     7   Next: 52%
Magic:  7/7        EV: 10    Int:  5    God:    Makhleb [***...]
Gold:   227        SH:  5    Dex: 11    Spells: 6/6 levels left

rFire   + + .        q - +1 broad axe (vamp)
rCold   + . .        c - +0 buckler
rNeg    . . .        b - +0 scale mail
rPois   +            (helmet restricted)
rElec   +            (no cloak)
rCorr   +            (no gloves)
SInv    .            (no boots)
Will    .....        (no amulet) Stlth
                     p - ring of poison resistance
HPRegen 0.30/turn    h - ring of protection from fire
MPRegen 0.10/turn

%: no passive effects
@: resistant
A: horns 2, retaliatory headbutt
a: Renounce Religion, Minor Destruction, Lesser Servant of Makhleb


You were on level 6 of the Dungeon.
You worshipped Makhleb.
Makhleb was most pleased with you.
You visited 1 branch of the dungeon, and saw 6 of its levels.

You collected 227 gold pieces.

Inventory:

Hand Weapons
 l - a +2 antimagic hand axe
 q - a +1 vampiric broad axe (weapon)
Armour
 b - a +0 scale mail (worn)
 c - a +0 buckler (worn)
Jewellery
 h - a ring of protection from fire (right hand)
 p - a ring of poison resistance (left hand)
Wands
 f - a wand of charming (3)
 r - a wand of digging (5)
Scrolls
 e - a scroll of enchant armour
 m - 3 scrolls of poison
 n - a scroll of magic mapping
Potions
 d - 2 potions of might
 i - 2 potions of flight
 j - 7 potions of curing
 k - 3 potions of heal wounds
 o - a potion of haste


   Skills:
 + Level 5.0 Fighting
 + Level 4.3 Axes
 * Level 6.5 Armour
 + Level 3.0 Dodging
 + Level 5.1 Shields
 + Level 2.4 Invocations
 + Level 1.7 Evocations


You had 6 spell levels left.
You didn't know any spells.
Your spell library contained the following spells:

 Spells                   Type           Power      Damage    Failure   Level
 Lesser Beckoning         Tloc           0%         N/A       94%         2
 Sublimation of Blood     Necr           0%         N/A       94%         2
 Wereblood                Tmut           0%         N/A       94%         2
 Call Canine Familiar     Summ           0%         N/A       99%         3
 Gell's Gravitas          Tloc           0%         N/A       99%         3
 Inner Flame              Hex/Fire       0%         N/A       99%         3
 Portal Projectile        Hex/Tloc       0%         N/A       99%         3
 Teleport Other           Tloc           0%         N/A       99%         3
 Leda's Liquefaction      Hex/Erth       0%         N/A       100%        4
 Yara's Violent Unravell  Hex/Tmut       0%         3d3       100%        5
 Dispersal                Tloc           0%         N/A       100%        6
 Enfeeble                 Hex            0%         N/A       100%        7
 Summon Hydra             Summ           0%         N/A       100%        7


Dungeon Overview and Level Annotations

Branches:
Dungeon (6/15)             Temple (0/1) D:5

Altars:
Elyvilon
Hepliaklqana
Kikubaaqudgha
Makhleb
Okawaru
Wu Jian

Shops:
D:4 ?


Innate Abilities, Weirdness & Mutations

You have a pair of horns on your head.
You reflexively headbutt those who attack you in melee.


Message History

The hound barks!
You hear two shouts!
There is a stone staircase leading up here.
A hound is nearby!
A hound is nearby!
A hound is nearby!
A two-headed ogre comes into view. It is wielding two +0 giant clubs.
Found 8 gold pieces.
The two-headed ogre shouts in stereo!
There are monsters nearby!
The hound closely misses you.
There are monsters nearby!
You barely miss the hound. Your headbutt misses the hound.
The hound bites you but does no damage. The hound bites you.
There are monsters nearby!
You closely miss the hound. You block the hound's attack.
The hound bites you but does no damage.
There are monsters nearby!
You slash the hound! Your headbutt misses the hound.
The hound is almost dead.
The hound completely misses you. The hound barely misses you.
The two-headed ogre hits you with a +0 giant club! x2
The hound completely misses you.
You are too injured to fight recklessly!
You are too injured to fight recklessly!
Unknown command.
You slash the two-headed ogre!
You feel better.
Your headbutt misses the two-headed ogre.
The two-headed ogre is moderately wounded.
You slash the hound!
You feel better.
You kill the hound!
Makhleb accepts your kill. You block the two-headed ogre's attack.
The two-headed ogre hits you with a +0 giant club!
Your Dodging skill increases to level 3!
You slash the two-headed ogre!
You feel better.
The two-headed ogre is heavily wounded.
The two-headed ogre hits you with a +0 giant club!!
* * * LOW HITPOINT WARNING * * *
The two-headed ogre hits you with a +0 giant club!
You die...

#....# #....#
# +....+
#.#....
#.#... ....
###.#####.#
+..<..@O..#
######.†....#
.........
##....#...
#.$..# ..
.....+ .
#....# #.....


You could see a two-headed ogre.

Vanquished Creatures
  3 ogres
  Blork the orc (D:4)
  A howler monkey (D:5)
  A hound (D:6)
  2 orc priests
  2 iguanas
  2 orc wizards
  7 adders
  3 gnolls (D:4)
  2 shadow imps (D:5)
  An ufetubus (D:5)
  2 worms
  3 dart slugs
  16 orcs
  7 ball pythons
  9 endoplasms
  6 giant cockroaches
  4 goblins
  2 hobgoblins
  4 jackals (D:1)
  3 quokkas
  3 bats
  A frilled lizard (D:1)
  6 kobolds
  6 rats
97 creatures vanquished.

Notes
Turn   | Place    | Note
-------+----------+-------------------------------------------
     0 | D:1      | qeuew the Minotaur Fighter began the quest for the Orb.
     0 | D:1      | Reached XP level 1. HP: 19/19 MP: 0/0
    37 | D:1      | Found a faded altar of an unknown god.
    52 | D:1      | Prayed at the altar of an unknown god.
    52 | D:1      | Became a worshipper of Makhleb the Destroyer
    52 | D:1      | Reached * piety under Makhleb
    96 | D:1      | Reached XP level 2. HP: 27/27 MP: 1/1
   210 | D:1      | Reached skill level 4 in Armour
   444 | D:1      | Reached XP level 3. HP: 33/33 MP: 2/2
   771 | D:2      | Reached ** piety under Makhleb
   772 | D:2      | Reached skill level 1 in Dodging
   970 | D:2      | Reached XP level 4. HP: 40/40 MP: 3/3
   985 | D:2      | Reached skill level 1 in Invocations
  1293 | D:3      | Found an iron altar of Okawaru.
  2067 | D:4      | Found Jomol's Magic Scroll Boutique.
  2149 | D:4      | Reached skill level 5 in Armour
  2149 | D:4      | Reached XP level 5. HP: 40/46 MP: 4/4
  2298 | D:4      | Noticed an ogre
  2301 | D:4      | Killed an ogre
  2452 | D:4      | Reached XP level 6. HP: 12/53 MP: 6/6
  2933 | D:4      | Noticed Blork the orc
  2934 | D:4      | Found a faded altar of an unknown god.
  2936 | D:4      | Found a hazy altar of Hepliaklqana.
  2944 | D:4      | Killed Blork the orc
  2945 | D:4      | Reached skill level 1 in Evocations
  3285 | D:5      | Entered Level 5 of the Dungeon
  3285 | D:5      | Found an ancient bone altar of Kikubaaqudgha.
  3363 | D:5      | Reached skill level 6 in Armour
  3380 | D:5      | Reached XP level 7. HP: 46/60 MP: 7/7
  3382 | D:5      | Reached *** piety under Makhleb
  3390 | D:5      | Reached skill level 5 in Shields
  3506 | D:5      | Found a staircase to the Ecumenical Temple.
  3712 | D:5      | Found a white marble altar of Elyvilon.
  3839 | D:5      | Found an ornate altar of the Wu Jian Council.
  3898 | D:5      | Reached skill level 5 in Fighting
  3967 | D:6      | Noticed a two-headed ogre
  3973 | D:6      | Slain by a two-headed ogre

Illustrated notes

Levels and vault maps discovered:
D:1:      scummos_arrival_forest, layout_loops_ring, basic_ecumenical_altar
D:2:      layout_rooms, minmay_worlds_worst_comb
D:3:      layout_rooms, okawaru_gym_becter, minmay_vboxes
D:4:      layout_loops_ring, beargit_hepliaklqana_dungeon_heroes, serial_shops,
          shop, minmay_box_of_dots
D:5:      layout_cave_pools, elyvilon_altar_1,
          nicolae_wu_jian_immortal_techniques,
          mainiacjoe_overflow_concentric_impassable, minmay_temple_entry_glass
D:6:      layout_basic, lemuel_crystal_altar, grunt_dithmenos_smoke,
          chei_slow_surprise

Skill      XL: |  1  2  3  4  5  6  7 |
---------------+----------------------+-----
Armour         | 4 5 6 |  6.5
Shields        | 4 5 |  5.1
Fighting       | 4 5 |  5.0
Dodging        | 1 2 3 |  3.0
Invocations    | 1 2 |  2.4
Axes           | 3 4 |  4.3
Evocations     | 1 |  1.7

Action                     |  1- 3 |  4- 6 |  7- 9 || total
---------------------------+-------+-------+-------++-------
  Melee: War axe           |    64 |    36 |       ||   100
         Headbutt          |     8 |    17 |     5 ||    30
         Broad axe         |       |    56 |    29 ||    85
 Invoke: Minor Destruction |       |     9 |       ||     9
    Use: Scroll            |     2 |     8 |     4 ||    14
         Potion            |       |     6 |     1 ||     7
 Armour: Scale mail        |    38 |    51 |    19 ||   108
  Dodge: Dodged            |    28 |    40 |    25 ||    93
  Block: Buckler           |    15 |    24 |     8 ||    47
